 Dungeon Crawl Stone Soup version 0.23-a0-309-ge7838e6b1f (webtiles) character file.

974 PikkenKukken the Chopper (level 7, -2/55 HPs)
             Began as a Demonspawn Fighter on Oct 11, 2018.
             Was a Believer of Makhleb.
             Slain by an orc warrior
             ... wielding a +0 dire flail
              (10 damage)
             ... on level 6 of the Dungeon.
             The game lasted 00:10:29 (7577 turns).

PikkenKukken the Chopper (Demonspawn Fighter)       Turns: 7577, Time: 00:10:29

Health: -2/55      AC: 19    Str: 23    XL:     7   Next: 95%
Magic:  9/9        EV:  7    Int: 13    God:    Makhleb [**....]
Gold:   414        SH: 11    Dex: 16    Spells: 6/6 levels left

rFire    + . .     SeeInvis .   a - +0 war axe
rCold    . . .     Gourm    .   c - +1 shield
rNeg     . . .     Faith    .   h - +0 chain mail
rPois    .         Spirit   .   (no helmet)
rElec    .         Reflect  .   p - +0 cloak
rCorr    .         Harm     .   (no gloves)
MR       .....                  (no boots)
Stlth    ..........             (no amulet)
HPRegen  0.18/turn              b - +3 ring of dexterity
MPRegen  0.11/turn              s - +4 ring of intelligence

@: mighty, sanguine armour
A: claws 2, fire resistance 1, nightstalker 1, sanguine armour 2
a: Minor Destruction, Renounce Religion


You were on level 6 of the Dungeon.
You worshipped Makhleb.
Makhleb was pleased with you.
You were very hungry.

You visited 2 branches of the dungeon, and saw 7 of its levels.
You also visited: Sewer.

You collected 414 gold pieces.

Inventory:

Hand Weapons
 a - a +0 war axe (weapon)
Armour
 c - a +1 shield (worn)
 h - a +0 chain mail (worn)
 p - a +0 cloak (worn)
Jewellery
 b - a +3 ring of dexterity (left claw)
 s - a +4 ring of intelligence (right claw)
 v - an uncursed ring of flight
Scrolls
 l - a scroll of remove curse
 o - 2 scrolls of identify
 r - 6 scrolls of blinking
 t - 3 scrolls of teleportation
 y - a scroll of enchant weapon {unknown}
Potions
 d - a potion of might
 e - 3 potions of heal wounds
 g - 2 potions of ambrosia
 i - 4 potions of lignification
 j - 2 potions of agility {unknown}
 k - 2 potions of brilliance {unknown}
 m - a potion of invisibility {unknown}
 n - 4 potions of curing
 q - a potion of haste {unknown}
 u - a potion of mutation {unknown}
 w - a potion of cancellation {unknown}
Comestibles
 f - 12 rations


   Skills:
 + Level 4.6 Fighting
 * Level 4.8 Axes
 + Level 4.1 Armour
 + Level 3.0 Dodging
 + Level 4.2 Shields
 + Level 3.3 Invocations


You had 6 spell levels left.
You didn't know any spells.
Your spell library contained the following spells:

 Spells                   Type           Power        Failure   Level  Hunger
 Beastly Appendage        Tmut           #.....       100%        1    ##.....
 Corona                   Hex            #......      100%        1    ##.....
 Magic Dart               Conj           #...         100%        1    ##.....
 Blink                    Tloc           N/A          100%        2    ###....
 Call Imp                 Summ           #.......     100%        2    ###....
 Ensorcelled Hibernation  Hex/Ice        #.....       100%        2    ###....
 Slow                     Hex            #.......     100%        2    ###....
 Sticks to Snakes         Tmut           #.......     100%        2    ###....
 Confuse                  Hex            #.......     100%        3    ####...
 Conjure Flame            Conj/Fire      #.......     100%        3    ####...
 Dazzling Spray           Conj/Hex       #.....       100%        3    ####...
 Mephitic Cloud           Conj/Pois/Air  #.......     100%        3    ####...
 Spider Form              Tmut/Pois      #.........   100%        3    ####...
 Tukima's Dance           Hex            #.......     100%        3    ####...
 Ice Form                 Ice/Tmut       #.......     100%        4    #####..
 Blade Hands              Tmut           #.........   100%        5    ######.


Dungeon Overview and Level Annotations

Branches:
Dungeon (6/15)             Temple (1/1) D:4

Altars:
Dithmenos
Fedhas
Makhleb
Okawaru
Ru
Wu Jian
Xom
Yredelemnul


Innate Abilities, Weirdness & Mutations

You have very sharp fingernails.
Your flesh is heat resistant. (rF+)
You are slightly more attuned to the shadows.
When seriously injured, your bleeding wounds create thick armour. (AC +9)


Message History

You feel very mighty all of a sudden.
You hit the orc warrior.
The orc warrior is lightly wounded.
The orc warrior closely misses you.
The orc warrior hits you with a dire flail.
You completely miss the orc warrior.
The orc warrior is lightly wounded.
You block the orc warrior's attack.
You slice the orc warrior!!
The orc warrior is almost dead.
The orc warrior hits you with a dire flail!
You closely miss the orc warrior.
The orc warrior is almost dead.
The orc warrior hits you with a dire flail!
* * * LOW HITPOINT WARNING * * *
The orc priest looks satisfied for a moment.
Your shield and chain mail prevent you from hitting the orc warrior.
The orc warrior is almost dead.
The orc warrior hits you with a dire flail!
You die...

############
......oo...#
....######.# ##
#.#######
#..ooo@.#
#######.# #.#
##### #.# ...#
#.# ##.## #.#
####...###.#####
#..............#
.##...###.###.#


You could see an orc warrior, an orc priest and an orc.

Vanquished Creatures
  A sky beast (D:6)
  2 bullfrogs (Sewer)
  2 scorpions
  3 hounds
  A jelly (D:6)
  3 centaur skeletons
  3 iguanas
  15 adders
  4 river rats (D:4)
  11 oozes
  An adder skeleton (D:5)
  2 worms
  3 dart slugs
  16 leopard geckos
  2 orcs (D:3)
  16 giant cockroaches
  9 goblins
  2 hobgoblins (D:1)
  9 jackals
  6 kobolds
  3 quokkas
  13 ball pythons (Sewer)
  6 bats
  21 frilled lizards
  7 rats
161 creatures vanquished.

Notes
Turn   | Place    | Note
-------+----------+-------------------------------------------
     0 | D:1      | PikkenKukken the Demonspawn Fighter began the quest for the
                  | Orb.
     0 | D:1      | Reached XP level 1. HP: 18/18 MP: 1/1
    57 | D:1      | Gained mutation: When seriously injured, your bleeding
                  | wounds create armour. (AC +9) [demonic ancestry]
    57 | D:1      | Reached XP level 2. HP: 24/24 MP: 2/2
   259 | D:1      | You fall through a shaft!
  1038 | D:1      | Gained mutation: When seriously injured, your bleeding
                  | wounds create thick armour. (AC +9) [demonic ancestry]
  1038 | D:1      | Reached XP level 3. HP: 24/29 MP: 3/3
  2511 | D:3      | Gained mutation: Your flesh is heat resistant. (rF+)
                  | [demonic ancestry]
  2511 | D:3      | Reached XP level 4. HP: 35/35 MP: 4/4
  2535 | D:3      | Reached skill level 1 in Dodging
  3259 | D:3      | Found a blossoming altar of Fedhas.
  3266 | D:3      | Gained mutation: You are slightly more attuned to the
                  | shadows. [demonic ancestry]
  3266 | D:3      | Reached XP level 5. HP: 41/41 MP: 5/5
  4031 | D:4      | Found a staircase to the Ecumenical Temple.
  4049 | Temple   | Entered the Ecumenical Temple
  4070 | Temple   | Became a worshipper of Makhleb the Destroyer
  4252 | D:4      | Reached skill level 1 in Invocations
  4252 | D:4      | Gained mutation: You have sharp fingernails. [demonic
                  | ancestry]
  4252 | D:4      | Reached XP level 6. HP: 29/48 MP: 6/6
  4265 | D:4      | Found a glowing drain.
  4297 | Sewer    | Entered a sewer
  4614 | Sewer    | Reached * piety under Makhleb
  4814 | Sewer    | Reached ** piety under Makhleb
  4866 | Sewer    | Gained mutation: You have very sharp fingernails. [demonic
                  | ancestry]
  4866 | Sewer    | Reached XP level 7. HP: 39/54 MP: 8/8
  6121 | D:5      | Entered Level 5 of the Dungeon
  7577 | D:6      | Slain by an orc warrior

Vault maps used:
D:1:      dpeg_arrival_radiant
D:2:      kennysheep_generic_room_7
D:3:      minmay_wonky_spiral, fedhas_altar_fruit_tree
D:4:      minmay_temple_entry_overgrown, lightli_sewer_entry_pipes
D:5:      first_ration, grunt_decor_one_mirror
D:6:      corexii_hall_statues_deadend
Temple:   regret_index_temple_mists
Sewer:    sewer_frog_island_02

Skill      XL: |  1  2  3  4  5  6  7 |
---------------+----------------------+-----
Axes           | 2 3 4 |  4.8
Armour         | 3 4 |  4.1
Shields        | 3 4 |  4.2
Dodging        | 1 2 3 |  3.0
Invocations    | 1 2 3 |  3.3
Fighting       | 4 |  4.6

Action                   |  1- 3 |  4- 6 |  7- 9 || total
-------------------------+-------+-------+-------++-------
Melee: War axe           |   202 |   327 |   163 ||   692
  Use: Scroll            |     5 |     4 |     2 ||    11
       Potion            |       |       |     1 ||     1
  Eat: Chunk             |     5 |     9 |     8 ||    22
Armor: Scale mail        |    55 |       |       ||    55
       Chain mail        |    65 |   199 |    79 ||   343
Dodge: Dodged            |    57 |    94 |    43 ||   194
Block: Shield            |   125 |   246 |    88 ||   459

Table legend:
 A = Non-vault XP
 B = Vault XP
 C = Vault XP percentage of total XP
 D = Non-vault monster count
 E = Vault monster count
 F = Vault count percentage of total count
                 A         B        C        D         E       F
            +---------+---------+-------+---------+---------+-------
      Total |     901 |     491 |  35.3 |      85 |      76 |  47.2
            +---------+---------+-------+---------+---------+-------
        D:1 |      42 |       0 |   0.0 |      22 |       0 |   0.0
        D:2 |      38 |      14 |  26.9 |      19 |       2 |   9.5
        D:3 |     137 |       0 |   0.0 |      15 |       0 |   0.0
        D:4 |     172 |     123 |  41.7 |       9 |      13 |  59.1
        D:5 |     284 |       0 |   0.0 |      15 |       0 |   0.0
        D:6 |     228 |       0 |   0.0 |       5 |       0 |   0.0
      Sewer |       0 |     354 | 100.0 |       0 |      61 | 100.0
            +---------+---------+-------+---------+---------+-------
